 Dungeon Crawl Stone Soup version 0.31-a0-984-gbfb7dba898 (webtiles) character file.

Game seed: 168126503475244948

114 Nedwor the Cutter (level 4, 0/35 HPs)
             Began as a Demonspawn Gladiator on Nov 3, 2023.
             Slain by an adder (1 damage)
             ... on level 4 of the Dungeon.
             The game lasted 00:02:54 (2638 turns).

Nedwor the Cutter (Demonspawn Gladiator)            Turns: 2638, Time: 00:02:54

Health: 0/35       AC:  5    Str: 14    XL:     4   Next: 67%
Magic:  4/4        EV: 13    Int: 10    God:
Gold:   241        SH:  0    Dex: 16    Spells: 3/3 levels left

rFire   . . .        a - +0 rapier
rCold   . . .        (no shield)
rNeg    . . .        b - +0 leather armour
rPois   .            c - +0 helmet
rElec   .            (no cloak)
rCorr   .            l - +0 pair of gloves
SInv    .            (no boots)
Will    .....        (no amulet)
Stlth   +            (no ring)
HPRegen 0.25/turn    (no ring)
MPRegen 0.09/turn

%: no passive effects
@: lethally poisoned (0 -> -3), very slow
A: demonic guardian 1, weakness stinger 1
a: no special abilities


You were on level 4 of the Dungeon.
You visited 1 branch of the dungeon, and saw 4 of its levels.

You collected 241 gold pieces.

Inventory:

Hand Weapons
 a - a +0 rapier (weapon)
Missiles
 d - 3 throwing nets (quivered)
 e - a javelin
Armour
 b - a +0 leather armour (worn)
 c - a +0 helmet (worn)
 l - a +0 pair of gloves (worn)
Jewellery
 p - a ring of wizardry
 q - a ring of protection from fire
Scrolls
 f - 4 scrolls of identify
 h - a scroll of amnesia
 j - 2 scrolls of fear
 n - 2 scrolls of immolation {unknown}
 o - a scroll of fog {unknown}
Potions
 g - a potion of enlightenment
 i - 2 potions of mutation {unknown}
 k - 2 potions of curing
 m - a potion of haste {unknown}


   Skills:
 + Level 3.0 Fighting
 * Level 4.0 Short Blades
 - Level 1.7 Throwing
 + Level 3.3 Dodging


You had 3 spell levels left.
You didn't know any spells.
Your spell library was empty.

Dungeon Overview and Level Annotations

Branches:
Dungeon (4/15)
 Temple: D:4-7

Altars:
Sif Muna


Innate Abilities, Weirdness & Mutations

A weak demonic guardian rushes to your aid.
You have a small tail.


Message History

The adder hisses angrily.
An orc wizard appears from thin air!
Reactivating autopickup.
The adder closely misses you. The adder barely misses you.
Your unstable footing causes you to fumble your attack.
The adder misses you. The adder bites you but does no damage.
Your unstable footing causes you to fumble your attack.
The adder closely misses you. The adder misses you. x2
Your unstable footing causes you to fumble your attack.
The adder bites you but does no damage.
The orc wizard casts a spell.
The orc wizard flickers and vanishes!
Deactivating autopickup; reactivate with Ctrl-A.
The adder barely misses you. The adder bites you.
You hear an angry hiss.
You hit the adder but do no damage.
Your tail-slap misses the adder.
The adder bites you.
* * * LOW HITPOINT WARNING * * *
You are poisoned.
The adder poisons you!
An adder comes into view.
The adder barely misses you.
You hit the adder.
Your tail-slap misses the adder.
Your punch misses the adder.
The adder is lightly wounded.
* * * LOW HITPOINT WARNING * * *
You feel sick. The adder completely misses you. The adder bites you.
* * * LOW HITPOINT WARNING * * *
A demonic guardian appears!
The adder barely misses you.
You hit the adder but do no damage.
The adder is lightly wounded.
* * * LOW HITPOINT WARNING * * *
You feel sick. The adder bites you.
* * * LOW HITPOINT WARNING * * *
The adder barely misses you. The adder closely misses you.
Your ufetubus hits the adder. x2; The adder closely misses you.
Your unstable footing causes you to fumble your attack.
* * * LOW HITPOINT WARNING * * *
You feel sick. The adder bites you but does no damage. The adder bites you.
You die...

###. ##### ....
#rJ~# ..# # #
#{#~#~..###
~~~~#r#S#~#o.....
#~~wS@#r{~~....
#####S#~#~.....
~5#~~~.....
####~#......
#~~~.....
##########~~....#.
#.#.........#####
#.....###.#.#
#...#.# #.....


You could see a worm, a jelly, 3 adders, 2 river rats and a friendly ufetubus
(summoned).

Vanquished Creatures
  3 adders
  3 worms (D:4)
  2 dart slugs (D:1)
  4 bats
  9 endoplasms
  3 giant cockroaches
  9 goblins
  6 hobgoblins
  5 jackals
  4 quokkas
  8 ball pythons
  A frilled lizard (D:3)
  4 kobolds (D:1)
  8 rats
69 creatures vanquished.

Notes
Turn   | Place    | Note
-------+----------+-------------------------------------------
     0 | D:1      | Nedwor the Demonspawn Gladiator began the quest for the
                  | Orb.
     0 | D:1      | Reached XP level 1. HP: 16/16 MP: 1/1
   183 | D:1      | Reached skill level 3 in Short Blades
   213 | D:1      | Gained mutation: A weak demonic guardian rushes to your
                  | aid. [demonic ancestry]
   213 | D:1      | Reached XP level 2. HP: 22/22 MP: 2/2
   489 | D:1      | Gained mutation: You have a small tail. [demonic ancestry]
   489 | D:1      | Reached XP level 3. HP: 16/28 MP: 3/3
   622 | D:1      | You fall into a shaft and drop 1 floor!
  1513 | D:2      | Found a shimmering blue altar of Sif Muna.
  1629 | D:2      | Reached XP level 4. HP: 34/34 MP: 4/4
  1828 | D:3      | Found a faded altar of an unknown god.
  2559 | D:4      | Reached skill level 4 in Short Blades
  2638 | D:4      | HP: 1/35 [poisoned by an adder]
  2638 | D:4      | Slain by an adder

Illustrated notes

Levels and vault maps discovered:
D:1:      erik_arrival_triangle_small, layout_loops_ring, minmay_split_cup_large
D:2:      layout_basic, basic_altar, nicolae_the_louvre
D:3:      layout_basic, basic_ecumenical_altar, grunt_ministairs_1,
          columned_hall_lemuel
D:4:      layout_basic, minmay_temple_entry_enclosed_plants,
          lightli_sewer_entry_pipes, kennysheep_flooded_box, uniq_eustachio

Skill      XL: |  1  2  3  4 |
---------------+-------------+-----
Short Blades   | 3 4 |  4.0
Dodging        | 3 |  3.3
Fighting       | 3 |  3.0
Throwing       | |  1.7

Action                     |  1- 3 |  4- 6 || total
---------------------------+-------+-------++-------
  Melee: Rapier            |   138 |    81 ||   219
         Punch             |     2 |     2 ||     4
         Tailslap          |     7 |    12 ||    19
    Use: Scroll            |     5 |       ||     5
   Stab: Sleeping          |     3 |       ||     3
 Armour: Leather armour    |    62 |    57 ||   119
  Dodge: Dodged            |    84 |    88 ||   172

Table legend: (Time is in decaauts)
 A = Elapsed time spent in this place.
 B = Non-inter-level travel time spent in this place.
 C = Inter-level travel time spent in this place.
 D = Time resting spent in this place.
 E = Time spent auto-exploring this place.
 F = Levels seen in this place.
 G = Mean time per level.
                   A        B        C        D        E       F      G
               +--------+--------+--------+--------+--------+-----+--------+
         Total |   2651 |   2545 |    106 |      0 |   2048 |   4 |  662.8 |
       Dungeon |   2651 |   2545 |    106 |      0 |   2048 |   4 |  662.8 |
               +--------+--------+--------+--------+--------+-----+--------+

Top non-repeatable levels by time:
     D:1: 886 daAuts
     D:3: 800 daAuts
     D:2: 795 daAuts
     D:4: 169 daAuts
